 Dungeon Crawl Stone Soup version 0.24.1-14-gf8d2b509d9 (webtiles) character file.

Game seed: 3261400307398750551, levelgen mode: deterministic

184 KlarStein the Skirmisher (level 5, -9/42 HPs)
             Began as a Demonspawn Fighter on Nov 29, 2020.
             Killed by divine providence
             ... invoked by an orc priest
              (12 damage)
             ... on level 4 of the Dungeon.
             The game lasted 00:07:49 (2851 turns).

KlarStein the Skirmisher (Demonspawn Fighter)       Turns: 2851, Time: 00:07:49

Health: -9/42      AC: 11    Str: 16    XL:     5   Next: 36%
Magic:  5/5        EV:  7    Int:  9    God:
Gold:   133        SH:  9    Dex: 14    Spells: 4/4 levels left

rFire    . . .     SeeInvis .   a - +0 long sword
rCold    . . .     Gourm    .   c - +0 shield
rNeg     . . .     Faith    .   b - +0 scale mail
rPois    .         Spirit   .   (no helmet)
rElec    .         Reflect  .   x - +0 cloak
rCorr    .         Harm     .   e - +0 pair of gloves
MR       .....                  (no boots)
Stlth    ..........             (no amulet)
HPRegen  0.14/turn              (no ring)
MPRegen  0.09/turn              (no ring)

@: no status effects
A: molten scales 1, powered by death 1
a: no special abilities


You were on level 4 of the Dungeon.
You were not hungry.

You visited 1 branch of the dungeon, and saw 4 of its levels.

You collected 133 gold pieces.

Inventory:

Hand Weapons
 a - a +0 long sword (weapon)
Missiles
 i - 16 javelins (quivered)
 r - a throwing net
Armour
 b - a +0 scale mail (worn)
 c - a +0 shield (worn)
 e - a +0 pair of gloves (worn)
 x - a +0 cloak (worn)
Jewellery
 h - an uncursed ring of see invisible {unknown}
 w - an uncursed ring of protection from fire {unknown}
Scrolls
 g - a scroll of identify {unknown}
 k - 2 scrolls of remove curse {unknown}
 n - 2 scrolls of amnesia {unknown}
 p - 2 scrolls of fog {unknown}
 q - a scroll of fear {unknown}
Potions
 d - a potion of might
 j - 2 potions of heal wounds {unknown}
 l - 2 potions of curing {unknown}
 m - a potion of agility {unknown}
 o - a potion of lignification {unknown}
 s - a potion of magic {unknown}
 t - a potion of cancellation {unknown}
 u - a potion of brilliance {unknown}
 v - a potion of berserk rage {unknown}
Comestibles
 f - 6 rations


   Skills:
 + Level 3.7 Fighting
 * Level 3.4 Long Blades
 + Level 3.5 Armour
 + Level 3.4 Shields


You had 4 spell levels left.
You didn't know any spells.
Your spell library was empty.

Dungeon Overview and Level Annotations

Branches:
Dungeon (4/15)
 Temple: D:4-7

Altars:
Cheibriados
Fedhas
Xom
Zin


Innate Abilities, Weirdness & Mutations

You are partially covered in molten scales. (AC +2)
You regenerate a little health from kills.


Message History

Beogh smites you!
The orc priest calls down the wrath of Beogh upon you.
Beogh smites you!
* * * LOW HITPOINT WARNING * * *
You hit the orc priest but do no damage.
The orc priest is almost dead.
The orc priest hits you but does no damage.
The orc priest hits you with a +0 flail.
* * * LOW HITPOINT WARNING * * *
The orc priest mumbles some strange prayers to Beogh against you.
Pain shoots through your body!
* * * LOW HITPOINT WARNING * * *
You hit the orc priest but do no damage.
The orc priest is almost dead.
The orc priest hits you but does no damage. x3
You hit the orc priest but do no damage.
The orc priest is almost dead.
The orc priest calls down the wrath of Beogh upon you.
Beogh smites you!
You die...

#.# #.# #.#
#.# #.# #.#
#o# #o#
###########@#
#..........o#
#.###########
#.# #.# #.#
#.# #<# ###


You could see 2 orc priests and an orc.

Vanquished Creatures
  A hound (D:3)
  A gnoll (D:2)
  4 adders (D:2)
  2 oozes
  2 worms (D:2)
  3 dart slugs
  3 leopard geckos
  2 orcs
  5 giant cockroaches
  12 goblins
  7 hobgoblins
  7 jackals
  3 quokkas
  3 ball pythons
  7 bats
  3 frilled lizards (D:2)
  8 kobolds
  A leopard gecko skeleton (D:3)
  11 rats
85 creatures vanquished.

Notes
Turn   | Place    | Note
-------+----------+-------------------------------------------
     0 | D:1      | KlarStein the Demonspawn Fighter began the quest for the
                  | Orb.
     0 | D:1      | Reached XP level 1. HP: 18/18 MP: 1/1
   142 | D:1      | Gained mutation: You regenerate a little health from kills.
                  | [demonic ancestry]
   142 | D:1      | Reached XP level 2. HP: 24/24 MP: 2/2
   377 | D:1      | Gained mutation: You are partially covered in molten
                  | scales. (AC +2) [demonic ancestry]
   377 | D:1      | Reached XP level 3. HP: 18/29 MP: 3/3
   954 | D:2      | Reached XP level 4. HP: 22/35 MP: 4/4
  1228 | D:2      | Found a shimmering altar of Xom.
  1231 | D:2      | Found a snail-covered altar of Cheibriados.
  1234 | D:2      | Found a glowing silver altar of Zin.
  1246 | D:2      | Found a blossoming altar of Fedhas.
  1969 | D:2      | Reached XP level 5. HP: 41/41 MP: 5/5
  2851 | D:4      | Killed from afar by an orc priest

Levels and vault maps discovered:
D:1:      ebering_hopf_link, layout_basic, minmay_ruptured
D:2:      minmay_thinvault, layout_loops_ring, grunt_temple_overflow_cloverleaf
D:3:      layout_basic, first_ration
D:4:      layout_basic, grunt_temple_overflow_open, minmay_vboxes

Skill      XL: |  1  2  3  4 |
---------------+-------------+-----
Long Blades    | 2 3 |  3.4
Armour         | 3 |  3.5
Shields        | 3 |  3.4
Fighting       | |  3.7

Action                   |  1- 3 |  4- 6 || total
-------------------------+-------+-------++-------
Melee: Long sword        |   128 |   159 ||   287
  Eat: Chunk             |       |     7 ||     7
Armor: Scale mail        |    66 |    88 ||   154
Dodge: Dodged            |    25 |    45 ||    70
Block: Shield            |    71 |    72 ||   143
       Rpst.: Long sword |     6 |    17 ||    23
